 Dungeon Sprint DCSS version 0.19.1 (webtiles) character file.

24 KingBobo974 the Shield-Bearer (level 4, -2/40 HPs)
             Began as a Deep Dwarf Fighter on Dec 15, 2016.
             Was an Initiate of Okawaru.
             Slain by a troll (9 damage)
             ... in the Dungeon (Sprint VI: "Thunderdome").
             The game lasted 00:05:57 (342 turns).

KingBobo974 the Shield-Bearer (Deep Dwarf Fighter)   Turns: 342, Time: 00:05:59

Health: -2/40      AC:  3    Str: 20    XL:     4   Next: 7%
Magic:  4/4        EV: 10    Int: 13    God:    Okawaru [......]
Gold:   60         SH: 12    Dex: 16    Spells: 0 memorised, 3 levels left

rFire  + + .     SeeInvis +     a - +0 war axe
rCold  x . .     Gourm    .     b - +0 scale mail
rNeg   . . .     Faith    .     c - +0 shield
rPois  .         Spirit   .     (no helmet)
rElec  .         Reflect  +     (no cloak)
rCorr  .         Harm     .     (no gloves)
MR     .....     NoTele   +     (no boots)
Stlth  +.........               t - amulet of Vuxtier {Reflect rF+ SH+2 Stlth+}
                                s - ring "Kiqosice" {Int+4 SInv}
                                q - ring of Lidaalat {Fire Dex+4}

@: lethally poisoned (-2 -> -2), corroded, non-regenerating
A: damage resistance, recharge devices, sense surroundings 1, slow regeneration
3
a: Device Recharging, Renounce Religion


You were in the Dungeon.
You worshipped Okawaru.
Okawaru was noncommittal.
You were not hungry.

You visited 1 branch You collected 240 gold pieces.
You spent 180 gold pieces at shops.

Inventory:

Hand Weapons
 a - a +0 war axe (weapon)
Armour
 b - a +0 scale mail (worn)
 c - a +0 shield (worn)
Jewellery
 q - the ring of Lidaalat (left hand) {Fire Dex+4}
   (You bought it in a shop in the Dungeon)

   [ring of fire]

   It enhances your fire magic.
   It affects your dexterity (+4).
   It protects you from fire.
   It makes you vulnerable to cold.
 r - the amulet "Xouses" {Faith rF+ MR++ Str-4 Stlth+}
   (You bought it in a shop in the Dungeon)

   [amulet of faith]

   It allows you to gain divine favour quickly.
   It affects your strength (-4).
   It protects you from fire.
   It affects your resistance to hostile enchantments.
   It makes you more stealthy.
 s - the ring "Kiqosice" (right hand) {Int+4 SInv}
   (You bought it in a shop in the Dungeon)

   [ring of see invisible]

   It affects your intelligence (+4).
   It lets you see invisible.
 t - the amulet of Vuxtier (around neck) {Reflect rF+ SH+2 Stlth+}
   (You bought it in a shop in the Dungeon)

   [amulet of reflection]

   It shields you and reflects attacks.
   It protects you from fire.
   It affects your SH (+2).
   It makes you more stealthy.
Wands
 e - a wand of heal wounds (4/9)
 m - a wand of acid (5/15)
 n - a wand of iceblast (5/15)
Scrolls
 l - 4 scrolls of blinking
 o - 3 scrolls of fog
Potions
 d - a potion of might
 g - a potion of curing
 h - 3 potions of heal wounds
 i - 4 potions of haste
 j - 2 potions of magic
 k - a potion of berserk rage
 p - a potion of resistance
Comestibles
 f - a bread ration


   Skills:
 - Level 2.6 Fighting
 * Level 5.4 Axes
 + Level 4.8 Armour
 + Level 3.1 Dodging
 * Level 6.0 Shields


You had 3 spell levels left.
You didn't know any spells.

Dungeon Overview and Level Annotations

Branches:
Dungeon (1/1)

Altars:
Cheibriados
Dithmenos
Fedhas
Gozag
Kikubaaqudgha
Makhleb
Okawaru
Qazlal
Ru
Sif Muna
Trog
Uskayaw
Vehumet
Xom
Yredelemnul
Zin
The Shining One
Beogh
Jiyva
Lugonu

Shops:
D *[%??*?*:[((!!!!

Annotations:
D Psyche


Innate Abilities, Weirdness & Mutations

You are resistant to damage.
You can recharge devices by infusing magical energy.
You passively map a small area around you.
You do not regenerate.


Message History

Psyche hits you with a dagger of distortion.
Space warps horribly around you! The scorpion barely misses you.
You block the jelly's attack. The troll bites you but does no damage.
You block the troll's attack. The troll claws you! The scorpion stings you!
You are poisoned.
The scorpion poisons you!
Psyche casts a spell.
You slash the jelly!
Your hands burn!
The jelly is severely wounded.
You closely miss the troll. You hit the scorpion. You completely miss Psyche.
You closely miss the scorpion.
Psyche hits you with a dagger of distortion!
* * * LOW HITPOINT WARNING * * *
Space bends around you.
* * * LOW HITPOINT WARNING * * *
You block the scorpion's attack. You block the jelly's attack.
The troll bites you.
* * * LOW HITPOINT WARNING * * *
You block the troll's attack. The troll claws you!
You die...

#.....# ##.....## ##∩.....∩##
#∩.......∩# #_......._#
#_......._# #........_#
###......TJ.###
#⌠.......s@..⌠#
######.8......@s.8.######
##∩___.[....###......__.∩##
#∩....†...8.# #.8........∩###
............###......÷......##
.........###...###..........)#
.........# #.<.# #.....)....⌠#
.........###...###.........)⌠#
............###.............##


You could see Psyche, a troll, 2 scorpions and a jelly.

Vanquished Creatures
  A jelly (D)
  Jessica (D)
  An adder (D)
  2 hobgoblins (D)
  A quokka (D)
  A frilled lizard (D)
  4 goblins (D)
11 creatures vanquished.

Notes
Turn   | Place    | Note
-------+----------+-------------------------------------------
     0 | D        | KingBobo974 the Deep Dwarf Fighter began the quest for the Orb.
     0 | D        | Reached XP level 1. HP: 20/20 MP: 1/1
     2 | D        | Found a roughly hewn altar of Beogh.
     3 | D        | Found a shadowy altar of Dithmenos.
     3 | D        | Found a shimmering altar of Xom.
     4 | D        | Found a deep blue altar of Sif Muna.
     4 | D        | Found an ancient bone altar of Kikubaaqudgha.
     5 | D        | Found a stormy altar of Qazlal.
     5 | D        | Found an iron altar of Okawaru.
     5 | D        | Found Vuluter's Magic Scroll Shop.
     5 | D        | Found Kiash's Staff Store.
     5 | D        | Round 1.
     6 | D        | Found Qoytucali's Magic Scroll Shop.
     6 | D        | Found Gor Aneps's Must-Have Magic.
    11 | D        | Found a corrupted altar of Lugonu.
    15 | D        | Became a worshipper of Warmaster Okawaru
    31 | D        | Found a bloodstained altar of Trog.
    31 | D        | Found Musuf's Bee Food.
    31 | D        | Found Mog Tucw's Jewellery.
    32 | D        | Found Qaidim's Advanced Armour.
    37 | D        | Noticed Jessica
    47 | D        | Reached skill level 1 in Dodging
    47 | D        | Reached skill level 4 in Shields
    47 | D        | Reached XP level 2. HP: 14/27 MP: 2/2
    49 | D        | Killed Jessica
    49 | D        | Reached skill level 5 in Shields
    49 | D        | Reached XP level 3. HP: 14/33 MP: 3/3
    58 | D        | Found Juseub's Identification Station.
    58 | D        | Found a viscous altar of Jiyva.
    58 | D        | Found a glowing silver altar of Zin.
    58 | D        | Found a basalt altar of Yredelemnul.
    59 | D        | Bought a heavily runed bronze ring for 45 gold pieces
    59 | D        | Bought a bound golden amulet for 45 gold pieces
    59 | D        | Bought a smoking glass ring for 45 gold pieces
    59 | D        | Identified the ring of Lidaalat {Fire Dex+4} (You bought it in a shop in the Dungeon)
    60 | D        | Identified the amulet "Xouses" {Faith rF+ MR++ Str-4 Stlth+} (You bought it in a shop in the Dungeon)
    61 | D        | Identified the ring "Kiqosice" {Int+4 SInv} (You bought it in a shop in the Dungeon)
    62 | D        | Bought a flickering copper amulet for 45 gold pieces
    63 | D        | Identified the amulet of Vuxtier {Reflect rF+ SH+2 Stlth+} (You bought it in a shop in the Dungeon)
    72 | D        | Found an opulent altar of Gozag.
    76 | D        | Found a snail-covered altar of Cheibriados.
    76 | D        | Found Plog's Premium Goods.
    76 | D        | Found Cicociow's Miscellaneous Merchandise.
    77 | D        | Found Vuckino's Basic Armour.
    82 | D        | Found Ruutt's Weapon Rack.
    82 | D        | Found a blossoming altar of Fedhas.
    82 | D        | Found a glowing golden altar of the Shining One.
    91 | D        | Found a radiant altar of Vehumet.
    95 | D        | Found a burning altar of Makhleb.
    95 | D        | Found a hide-covered altar of Uskayaw.
    95 | D        | Found Dyshruce's Do-It-Yourself Clinic.
    95 | D        | Found Bisirr's Bottled Wisdom.
    96 | D        | Found Huera's Distillery.
   101 | D        | Found Maitux's Distillery.
   101 | D        | Found a sacrificial altar of Ru.
   109 | D        | Arena points: 12 (+12) [x2]
   138 | D        | Round 2.
   314 | D        | Arena points: 24 (+12) [x1]
   329 | D        | Round 3.
   334 | D        | Reached skill level 5 in Axes
   334 | D        | Reached skill level 6 in Shields
   334 | D        | Reached XP level 4. HP: 27/40 MP: 4/4
   335 | D        | Noticed a troll
   336 | D        | Noticed Psyche
   342 | D        | Slain by a troll

Skill      XL: |  1  2  3 |
---------------+----------+-----
Axes           | 3 4 5 |  5.4
Dodging        | 1 2 3 |  3.1
Shields        | 4 5 6 |  6.0
Armour         | 4 |  4.8
Fighting       | |  2.6

Action                   |  1- 3 |  4- 6 || total
-------------------------+-------+-------++-------
Melee: War axe           |    33 |     3 ||    36
Evoke: Wand              |     1 |       ||     1
  Use: Potion            |       |     1 ||     1
Armor: Scale mail        |    18 |     2 ||    20
Dodge: Dodged            |    22 |     5 ||    27
Block: Shield            |    22 |     8 ||    30
